 Dungeon Crawl Stone Soup version 0.30.1-11-g7821555f0a (webtiles) character file.

Game seed: 702342074250327629

481 Groucho the Shooter (level 6, -1/30 HPs)
             Began as a Spriggan Hunter on Jan 3, 2024.
             Killed by divine providence
             ... invoked by an orc priest
              (10 damage)
             ... on level 4 of the Dungeon.
             The game lasted 00:06:12 (4174 turns).

Groucho the Shooter (Spriggan Hunter)               Turns: 4174, Time: 00:06:12

Health: -1/30      AC:  5    Str:  7    XL:     6   Next: 87%
Magic:  7/7        EV: 15    Int: 10    God:
Gold:   127        SH:  0    Dex: 21    Spells: 5/5 levels left

rFire   . . .        a - +0 shortbow
rCold   . . .        (shield currently unavailable)
rNeg    . . .        c - +0 robe
rPois   .            (helmet restricted)
rElec   .            l - +2 cloak {rCorr}
rCorr   +            (gloves unavailable)
SInv    +            (boots unavailable)
Will    +....        (no amulet)
Stlth   +++          (no ring)
HPRegen 0.25/turn    (no ring)
MPRegen 0.10/turn

%: no passive effects
@: constricted, very quick
A: very small, no large weapons, unfitting armour, see invisible, speed 3
a: no special abilities


You were on level 4 of the Dungeon.
You visited 1 branch of the dungeon, and saw 4 of its levels.

You collected 171 gold pieces.
You spent 44 gold pieces at shops.

Inventory:

Hand Weapons
 a - a +0 shortbow (weapon)
Missiles
 j - 4 throwing nets
Armour
 c - a +0 robe (worn)
 l - a +2 cloak of preservation (worn)
Jewellery
 p - a +6 ring of strength
Scrolls
 b - a scroll of immolation
 d - 9 scrolls of identify {unknown}
 e - a scroll of amnesia {unknown}
 f - a scroll of noise {unknown}
 g - a scroll of enchant armour {unknown}
 m - a scroll of silence {unknown}
 n - a scroll of poison {unknown}
Potions
 h - a potion of flight {unknown}
 i - a potion of haste {unknown}
 k - a potion of lignification
 o - a potion of curing


   Skills:
 - Level 2.0 Fighting
 + Level 7.5 Ranged Weapons
 - Level 3.0 Dodging
 + Level 4.9 Stealth


You had 5 spell levels left.
You didn't know any spells.
Your spell library was empty.

Dungeon Overview and Level Annotations

Branches:
Dungeon (4/15)
 Temple: D:4-7

Altars:
Zin

Shops:
D:4 !:

Annotations:
D:3 2 transporters


Innate Abilities, Weirdness & Mutations

You are very small and have problems with some larger weapons.
You are too small for most types of armour.
You have supernaturally acute eyesight. (SInv)
You cover ground extremely quickly. (Speed+++)


Message History

The orc priest mumbles some strange prayers to Beogh against you.
Beogh smites you!
You shoot an arrow.
The arrow closely misses the ball python.
The ball python barely misses you. The ball python grabs you.
The ball python constricts you.
You shoot an arrow.
The arrow closely misses the ball python.
The arrow hits the orc priest.
The orc priest is severely wounded.
The orc priest mumbles some strange prayers to Beogh against you.
Beogh smites you! The ball python misses you. The ball python constricts you.
The ball python bites you but does no damage.
The ball python constricts you.
Unknown command.
Fire: a) +0 shortbow
Press: ? - help, Q - select action, (/) - cycle Shift-Dir - straight line, f - orc priest, p - ball python
Aim: an orc priest, wielding a +0 club (severely wounded, 66% to hit)
You shoot an arrow.
The arrow completely misses the orc priest.
The ball python bites you but does no damage.
The ball python constricts you. The orc priest closely misses you.
Unknown command.
Fire: a) +0 shortbow
Press: ? - help, Q - select action, (/) - cycle Shift-Dir - straight line, f/p - orc priest
Aim: an orc priest, wielding a +0 club (severely wounded, 66% to hit)
You shoot an arrow. The arrow barely misses the orc priest.
The ball python bites you but does no damage.
The ball python constricts you. The orc priest barely misses you.
Unknown command.
Fire: a) +0 shortbow
Press: ? - help, Q - select action, (/) - cycle Shift-Dir - straight line, f/p - orc priest
Aim: an orc priest, wielding a +0 club (severely wounded, 66% to hit)
You shoot an arrow.
The arrow completely misses the orc priest.
The ball python closely misses you. The ball python constricts you.
* * * LOW HITPOINT WARNING * * *
The orc priest calls down the wrath of Beogh upon you.
Beogh smites you!
You die...

... ....##..# #..
#..##..##
##..######..##...# .
+................# ...
##...............#....
#..##..##..##...#....
..##..##..##..##...##..#
......o.......##...##..#
..))..S@.......#........
......##.∩######........
...... #..##..##........
####. #.........[......
# ##................
#.......##..###..#
##..##..###+###..#
##..##+###....†...
#....#............


You could see an orc priest and a ball python.

Vanquished Creatures
  Grinder (D:4)
  Crazy Yiuf (D:2)
  Terence (D:1)
  Natasha (twice) (D:3)
  Robin (D:2)
  5 adders
  A worm (D:2)
  2 dart slugs (D:3)
  3 orcs
  8 bats
  14 endoplasms
  7 giant cockroaches
  19 goblins
  12 hobgoblins
  4 kobolds
  5 quokkas
  7 ball pythons
  A frilled lizard (D:1)
  9 rats
103 creatures vanquished.

Notes
Turn   | Place    | Note
-------+----------+-------------------------------------------
     0 | D:1      | Groucho the Spriggan Hunter began the quest for the Orb.
     0 | D:1      | Reached XP level 1. HP: 10/10 MP: 2/2
    81 | D:1      | Reached XP level 2. HP: 15/15 MP: 3/3
   490 | D:1      | Reached XP level 3. HP: 18/18 MP: 4/4
   691 | D:2      | Reached skill level 5 in Ranged Weapons
   875 | D:2      | Reached XP level 4. HP: 23/23 MP: 5/5
   976 | D:2      | Noticed Robin
  1669 | D:2      | Noticed Terence
  1694 | D:1      | Killed Terence
  1888 | D:2      | Killed Robin
  1889 | D:2      | Reached skill level 6 in Ranged Weapons
  2029 | D:2      | Reached XP level 5. HP: 26/26 MP: 6/6
  2252 | D:2      | Found a runed translucent door.
  2253 | D:2      | Noticed Crazy Yiuf
  2350 | D:2      | Killed Crazy Yiuf
  2597 | D:3      | Found a glowing silver altar of Zin.
  2597 | D:3      | Found a transporter.
  2597 | D:3      | Noticed a water moccasin
  2598 | D:3      | Noticed a centaur
  2657 | D:3      | Noticed Natasha
  2661 | D:3      | Killed Natasha
  3068 | D:3      | Found a faded altar of an unknown god.
  3221 | D:3      | Found a transporter.
  3301 | D:3      | Noticed Natasha
  3303 | D:3      | Killed Natasha
  3644 | D:4      | Found Yhaemij's Book Emporium.
  3729 | D:4      | Reached skill level 7 in Ranged Weapons
  3729 | D:4      | Reached XP level 6. HP: 27/30 MP: 7/7
  3817 | D:4      | Noticed Grinder
  3819 | D:4      | Paralysed by Grinder for 4 turns
  3832 | D:4      | Killed Grinder
  4058 | D:4      | Found Nooqies's Distillery.
  4063 | D:4      | Bought a potion of curing for 33 gold pieces
  4063 | D:4      | Bought a potion of degeneration for 11 gold pieces
  4174 | D:4      | Killed from afar by an orc priest

Illustrated notes

Levels and vault maps discovered:
D:1:      ldierk_walled_garden_2, layout_loops_cross, minmay_3d_cube
D:2:      layout_basic, minmay_stone_trees_medium, kennysheep_generic_room_14,
          uniq_robin, uniq_terence, uniq_crazy_yiuf_cottage
D:3:      minmay_diamond_boxcup, layout_loops_ring,
          gammafunk_temple_overflow_arena, chequers_ecumenical_altar_simple,
          uniq_natasha
D:4:      layout_gridville, serial_shops, shop, nicolae_shop_hallway_plus, shop,
          minmay_misc_feat_doors, nicolae_wooded_promenade, uniq_grinder

Skill      XL: |  1  2  3  4  5  6 |
---------------+-------------------+-----
Ranged Weapons | 5 6 7 |  7.5
Fighting       | 2 |  2.0
Dodging        | 3 |  3.0
Stealth        | 2 4 |  4.9

Action                     |  1- 3 |  4- 6 || total
---------------------------+-------+-------++-------
   Fire: Shortbow          |    83 |   200 ||   283
    Use: Potion            |       |     1 ||     1
 Armour: Robe              |     2 |    12 ||    14
         Skin              |       |     1 ||     1
  Dodge: Dodged            |    10 |    60 ||    70
